 Dungeon Crawl Stone Soup version 0.23-a0-663-g304f35b (webtiles) character file.

114 Blackhawk the Poker (level 4, -1/37 HPs)
             Began as a Merfolk Monk on Jan 7, 2019.
             Slain by an adder (4 damage)
             ... on level 2 of the Dungeon.
             The game lasted 00:03:25 (1588 turns).

Blackhawk the Poker (Merfolk Monk)                  Turns: 1588, Time: 00:03:25

Health: -1/37      AC: 10    Str: 12    XL:     4   Next: 97%
Magic:  4/4        EV:  5    Int:  9    God:
Gold:   101        SH:  6    Dex: 16    Spells: 3/3 levels left

rFire    . . .     SeeInvis .   b - +0 dagger (venom)
rCold    . . .     Gourm    .   e - +2 buckler
rNeg     . . .     Faith    .   g - +0 plate armour
rPois    .         Spirit   .   (no helmet)
rElec    .         Reflect  .   (no cloak)
rCorr    .         Harm     .   (no gloves)
MR       .....                  (boots currently unavailable)
Stlth    ..........             (no amulet)
HPRegen  0.12/turn              (no ring)
MPRegen  0.09/turn              (no ring)

@: lethally poisoned (-1 -> -3), very quick
A: change form in water, swift swim, stealthy swim
a: no special abilities


You were on level 2 of the Dungeon.
You were not hungry.

You visited 1 branch of the dungeon, and saw 2 of its levels.

You collected 101 gold pieces.

Inventory:

Hand Weapons
 a - a +0 spear
 b - a +0 dagger of venom (weapon)
Armour
 e - a +2 buckler (worn)
 g - a +0 plate armour (worn)
 m - a +0 robe
Jewellery
 i - an uncursed ring of protection from cold {unknown}
Scrolls
 d - a scroll of fear {unknown}
 f - a scroll of enchant armour {unknown}
 j - a scroll of remove curse {unknown}
 k - a scroll of enchant weapon {unknown}
 l - a scroll of identify {unknown}
Potions
 h - a potion of lignification {unknown}
 n - 2 potions of curing {unknown}
Comestibles
 c - 5 rations


   Skills:
 + Level 3.9 Fighting
 + Level 5.3 Polearms
 + Level 1.1 Armour
 + Level 4.8 Dodging
 - Level 2.3 Stealth
 + Level 1.5 Shields


You had 3 spell levels left.
You didn't know any spells.
Your spell library was empty.

Dungeon Overview and Level Annotations

Branches:
Dungeon (2/15)

Altars:
Kikubaaqudgha

Annotations:
D:2 Natasha


Message History

You miss the adder.
The adder is moderately wounded.
You feel sick. The adder barely misses you.
You hit the adder.
The adder is moderately wounded.
The adder bites you but does no damage.
You hit the adder.
The adder is poisoned.
The adder is heavily wounded.
The adder bites you.
* * * LOW HITPOINT WARNING * * *
The crimson imp blinks!
You block the adder's attack.
You feel sick. You block the crimson imp's attack.
The crimson imp barely misses you.
The crimson imp grinds its teeth.
The adder bites you.
* * * LOW HITPOINT WARNING * * *
You feel sick.
Your legs become a tail as you enter the water.
The adder bites you.
You die...

....# ...##. ########.... ###
#....##....# #..
#.#._.....⌠.#.###..
###.#.≈.......##.#.#.#
...#..≈≈≈≈≈...5..##.#
#..##...≈≈≈.h##.###.#
#######..##...≈≈@S.##.# #.# ..
...##.#....≈≈≈..##.# #.# .#
##>##...⌠.......##..##.#######
.###...#÷........#....###........
..........###.#.#####...........#
.###.>[##)# #.#.#........##......
.# ##.##...##.#.#######.###.....#
.####.........#.# $.........[.
....####...####.# ########.#..


You could see Natasha, a crimson imp and an adder.

Vanquished Creatures
  Jessica (D:2)
  4 adders (D:2)
  A worm (D:2)
  2 dart slugs
  A leopard gecko (D:1)
  2 giant cockroaches
  9 goblins
  3 hobgoblins (D:1)
  4 jackals (D:2)
  3 kobolds (D:1)
  7 bats
  A frilled lizard (D:2)
  6 rats
44 creatures vanquished.

Notes
Turn   | Place    | Note
-------+----------+-------------------------------------------
     0 | D:1      | Blackhawk the Merfolk Monk began the quest for the Orb.
     0 | D:1      | Reached XP level 1. HP: 18/18 MP: 1/1
   383 | D:1      | Reached XP level 2. HP: 22/24 MP: 2/2
   732 | D:1      | Reached XP level 3. HP: 29/29 MP: 3/3
   983 | D:2      | Reached skill level 1 in Shields
  1125 | D:2      | Reached skill level 5 in Polearms
  1183 | D:2      | Reached XP level 4. HP: 34/37 MP: 4/4
  1225 | D:2      | Reached skill level 1 in Armour
  1234 | D:2      | Noticed Jessica
  1257 | D:2      | Killed Jessica
  1529 | D:2      | Found an ancient bone altar of Kikubaaqudgha.
  1553 | D:2      | Noticed Natasha
  1588 | D:2      | Slain by an adder

Vault maps used:
D:1:      minmay_arrival_three_doors
D:2:      kiku_gazebo_pond_becter, lemuel_round_altar, first_ration, hex_tiny,
          uniq_jessica, uniq_natasha

Skill      XL: |  1  2  3  4 |
---------------+-------------+-----
Shields        | 1 |  1.5
Polearms       | 5 |  5.3
Armour         | 1 |  1.1
Fighting       | |  3.9
Dodging        | |  4.8
Stealth        | |  2.3

Action                   |  1- 3 |  4- 6 || total
-------------------------+-------+-------++-------
Melee: Spear             |   158 |    51 ||   209
       Dagger            |       |    15 ||    15
 Stab: Sleeping          |     2 |       ||     2
  Eat: Chunk             |     1 |     1 ||     2
Armor: Robe              |     2 |       ||     2
       Plate armour      |    91 |    36 ||   127
Dodge: Dodged            |    23 |    10 ||    33
Block: Buckler           |    37 |    14 ||    51

Table legend:
 A = Non-vault XP
 B = Vault XP
 C = Vault XP percentage of total XP
 D = Non-vault monster count
 E = Vault monster count
 F = Vault count percentage of total count
                 A         B        C        D         E       F
            +---------+---------+-------+---------+---------+-------
      Total |     126 |      37 |  22.7 |      43 |       1 |   2.3
            +---------+---------+-------+---------+---------+-------
        D:1 |      34 |       0 |   0.0 |      18 |       0 |   0.0
        D:2 |      92 |      37 |  28.7 |      25 |       1 |   3.8
            +---------+---------+-------+---------+---------+-------
